 Dungeon Crawl Stone Soup version 0.28-a0-895-g6e5f11bd55 (webtiles) character file.

Game seed: 16186808693078749026

212 vineage the Skirmisher (level 5, 0/35 HPs)
             Began as a Gargoyle Fighter on Nov 22, 2021.
             Slain by an ogre (20 damage)
             ... on level 4 of the Dungeon.
             The game lasted 00:02:44 (2848 turns).

vineage the Skirmisher (Gargoyle Fighter)           Turns: 2848, Time: 00:02:45

Health: 0/35       AC: 13    Str: 20    XL:     5   Next: 90%
Magic:  5/5        EV:  9    Int:  8    God:
Gold:   82         SH:  4    Dex: 10    Spells: 4/4 levels left

rFire   . . .      SeeInvis .   a - +0 flail
rCold   . . .      Faith    .   c - +0 buckler
rNeg    + . .      Spirit   .   b - +0 scale mail
rPois   ∞          Reflect  .   (no helmet)
rElec   +          Harm     .   (no cloak)
rCorr   .          Rampage  .   f - +1 pair of gloves
Will    .....                   (no boots)
Stlth   ..........              (no amulet)
HPRegen 0.11/turn               (no ring)
MPRegen 0.09/turn               (no ring)

@: mighty, weak-willed
A: sickness immunity, AC +4, negative energy resistance 1, electricity
resistance, torment resistance 1, petrification resistance
a: no special abilities


You were on level 4 of the Dungeon.
You visited 1 branch of the dungeon, and saw 4 of its levels.

You collected 82 gold pieces.

Inventory:

Hand Weapons
 a - a +0 flail (weapon)
Armour
 b - a +0 scale mail (worn)
 c - a +0 buckler (worn)
 f - a +1 pair of gloves (worn)
Jewellery
 g - an amulet of magic regeneration
Potions
 e - a potion of heal wounds
 j - 2 potions of curing
 m - a potion of berserk rage {unknown}


   Skills:
 * Level 5.4 Fighting
 * Level 4.3 Maces & Flails
 - Level 3.2 Armour
 - Level 3.2 Shields


You had 4 spell levels left.
You didn't know any spells.
Your spell library was empty.

Dungeon Overview and Level Annotations

Branches:
Dungeon (4/15)
 Temple: D:4-7

Altars:
Kikubaaqudgha
Wu Jian

Shops:
D:2 [


Innate Abilities, Weirdness & Mutations

You are immune to sickness and miasma.
Your stone body is resilient. (AC +4)
You are immune to poison.
You resist negative energy. (rN+)
You are resistant to electric shocks. (rElec)
You are resistant to unholy torment.
You are immune to petrification.


Message History

You see here a +0 hunting sling.
Key pressed, stopping explore.
You now have 82 gold pieces (gained 7).
Done exploring.
No target in view!
Done exploring.
Done exploring.
(D) Dungeon
Where to? (Enter - D:3, ? - help)
There is a stone staircase leading down here.
You climb downwards.
There is a stone staircase leading up here.
As you read the scroll of identify, it crumbles to dust.
e - a potion of heal wounds
As you read the scroll labelled WAQOGO IXZI, it crumbles to dust.
You feel strangely unstable.
It was a scroll of teleportation.
As you read the scroll labelled ISAOWASTOA, it crumbles to dust.
Magic quickly surges around you.
It was a scroll of vulnerability.
As you read the scroll labelled CILUIN MIGGU, it crumbles to dust.
The air around you briefly surges with heat, but it dissipates.
It was a scroll of immolation.
As you read the scroll labelled TINA WAIGRUDE, it crumbles to dust.
It is a scroll of enchant armour.
Your +0 pair of gloves glows green for a moment.
Your surroundings suddenly seem different.
Found a ring mail.
An ogre comes into view. It is wielding a +0 giant club.
The ogre shouts!
You feel very mighty all of a sudden.
You sock the ogre!
The ogre is moderately wounded.
The ogre closely misses you.
You barely miss the ogre.
The ogre is moderately wounded.
The ogre hits you with a +0 giant club!
You sock the ogre!
The ogre is severely wounded.
The ogre hits you with a +0 giant club!!
Ouch! That really hurt!
You die...

##### ##
#...##...
#....$...
########.....$..
#.......@O......
#.........[.....
#...............
#...............
+...............
##+##.##...#####
#.###### #..


You could see an ogre.

Vanquished Creatures
  A wyvern skeleton (D:3)
  2 vampire bats (D:3)
  An adder (D:3)
  2 worms
  4 dart slugs
  A bat skeleton (D:3)
  5 bat zombies (D:3)
  5 endoplasms
  A goblin (D:3)
  10 hobgoblins
  3 jackals (D:1)
  3 quokkas
  8 ball pythons
  5 bats
  2 frilled lizards
  A kobold (D:1)
  5 rats
59 creatures vanquished.

Notes
Turn   | Place    | Note
-------+----------+-------------------------------------------
     0 | D:1      | vineage the Gargoyle Fighter began the quest for the Orb.
     0 | D:1      | Reached XP level 1. HP: 14/14 MP: 1/1
    66 | D:1      | Reached XP level 2. HP: 12/19 MP: 2/2
   497 | D:1      | Reached XP level 3. HP: 24/24 MP: 3/3
   515 | D:1      | Reached skill level 4 in Fighting
  1268 | D:2      | Found Xutoeq's Antique Armour Shop.
  1780 | D:3      | Reached XP level 4. HP: 30/30 MP: 4/4
  1887 | D:3      | Reached XP level 5. HP: 3/34 MP: 5/5
  2231 | D:3      | Found an ornate altar of the Wu Jian Council.
  2458 | D:3      | Reached skill level 5 in Fighting
  2459 | D:3      | Found an ancient bone altar of Kikubaaqudgha.
  2840 | D:4      | Noticed an ogre
  2848 | D:4      | Slain by an ogre

Illustrated notes

Levels and vault maps discovered:
D:1:      shiori_shiawase, layout_loops_ring
D:2:      layout_basic, serial_shops, shop, hex_large,
          corexii_item_surrounded_by_moat
D:3:      layout_basic, marbit_many_paths, kennysheep_vampire_church
D:4:      layout_gridville, minmay_a_box_with_orc_wizards_in_it, uniq_sigmund

Skill      XL: |  1  2  3  4  5 |
---------------+----------------+-----
Fighting       | 4 5 |  5.4
Maces & Flails | 3 4 |  4.3
Armour         | |  3.2
Shields        | |  3.2

Action                   |  1- 3 |  4- 6 || total
-------------------------+-------+-------++-------
Melee: Flail             |   172 |    86 ||   258
  Use: Scroll            |     5 |     5 ||    10
       Potion            |       |     2 ||     2
Armor: Scale mail        |   102 |   101 ||   203
Dodge: Dodged            |   104 |    74 ||   178
Block: Buckler           |    46 |    39 ||    85

Table legend: (Time is in decaauts)
 A = Elapsed time spent in this place.
 B = Non-inter-level travel time spent in this place.
 C = Inter-level travel time spent in this place.
 D = Time resting spent in this place.
 E = Time spent auto-exploring this place.
 F = Levels seen in this place.
 G = Mean time per level.
                   A        B        C        D        E       F      G
               +--------+--------+--------+--------+--------+-----+--------+
         Total |   2916 |   2806 |    110 |      0 |   2259 |   4 |  729.0 |
       Dungeon |   2916 |   2806 |    110 |      0 |   2259 |   4 |  729.0 |
               +--------+--------+--------+--------+--------+-----+--------+

Top non-repeatable levels by time:
     D:1: 1181 daAuts
     D:3: 1157 daAuts
     D:2: 557 daAuts
     D:4: 19 daAuts
